 Dungeon Crawl Stone Soup version 0.29-a0-356-g7bc237e783 (webtiles) character file.

Game seed: 5337014409820498183

124019 pokeman the Sorcerer (level 16, -7/94 HPs)
             Began as a Deep Elf Hedge Wizard on Apr 26, 2022.
             Was a High Priest of Vehumet.
             Killed from afar by a manticore (13 damage)
             ... with a volley of spikes
             ... on level 15 of the Dungeon on Apr 27, 2022.
             The game lasted 01:51:06 (28801 turns).

pokeman the Sorcerer (Deep Elf Hedge Wizard)       Turns: 28801, Time: 01:51:07

Health: -7/94      AC: 18    Str:  7    XL:     16   Next: 38%
Magic:  30/55      EV: 11    Int: 28    God:    Vehumet [*****.]
Gold:   3183       SH:  0    Dex: 16    Spells: 36/63 levels left

rFire   + . .      SeeInvis .   A - staff of conjuration
rCold   x . .      Faith    .   (no shield)
rNeg    . . .      Spirit   .   y - +0 swamp dragon scales
rPois   +          Reflect  .   U - +2 helmet
rElec   +          Harm     .   G - +0 cloak of Death Resistance {rElec rPois Regen+ Stlth+}
rCorr   .          Rampage  .   k - +0 pair of gloves
Will    +....                   o - +2 pair of boots
Stlth   +++.......              m - amulet of Weidyb {RegenMP rElec rPois Dex+2}
HPRegen 1.05/turn               q - ring of magical power
MPRegen 0.74/turn               S - ring of fire

@: spiked, on blink cooldown
A: no striking features
a: Renounce Religion


You were on level 15 of the Dungeon.
You worshipped Vehumet.
Vehumet was extremely pleased with you.
You visited 4 branches of the dungeon, and saw 24 of its levels.
You also visited: Ossuary and Gauntlet.

You collected 3183 gold pieces.

Inventory:

Hand Weapons
 g - the +7 bardiche of the Warrior-Mage {venom, Will- Int+8}
   (You found it on level 3 of the Lair of Beasts)

   It poisons the flesh of those it strikes.
   Int:       It affects your intelligence (+8).
   Will:      It decreases your willpower.
 C - the +11 spear of Foul Odours {drain, Str+4}
   (You found it in a Gauntlet)

   A truly terrible weapon, it drains the life of any living foe it strikes.
   Str:       It affects your strength (+4).
 R - the +0 long sword of Fuuviud {freeze, Contam Fly rF+ rN+}
   (You found it on level 5 of the Lair of Beasts)

   It freezes those it strikes, dealing additional cold damage.
   It can also slow down cold-blooded creatures.
   rF:        It protects you from fire.
   rN:        It protects you from negative energy.
   Fly:       It grants you flight.
   Contam:    It causes magical contamination when unequipped.
 V - a +1 longbow of flaming
Missiles
 h - 2 throwing nets
 v - 9 curare-tipped darts
Armour
 k - a +0 pair of gloves (worn)
 o - a +2 pair of boots (worn)
 y - +0 swamp dragon scales (worn)
 G - the +0 cloak of Death Resistance (worn) {rElec rPois Regen+ Stlth+}
   (You found it on level 6 of the Lair of Beasts)

   rElec:     It insulates you from electricity.
   rPois:     It protects you from poison.
   Regen:     It increases your rate of health regeneration.
   Stlth:     It makes you more stealthy.
 U - a +2 helmet (worn)
Magical Staves
 i - a staff of cold
 x - a staff of earth
 A - a staff of conjuration (weapon)
 H - a staff of fire
Jewellery
 a - an amulet of faith
 m - the amulet of Weidyb (around neck) {RegenMP rElec rPois Dex+2}
   (You found it in a Gauntlet)

   [amulet of magic regeneration]

   It increases your rate of magic regeneration.
   Dex:       It affects your dexterity (+2).
   rElec:     It insulates you from electricity.
   rPois:     It protects you from poison.
 q - a ring of magical power (left hand)
 s - the amulet "Obaowot" {rPois Regen+ Str+3 Stlth+}
   (You found it on level 3 of the Dungeon)

   [amulet of regeneration]

   Str:       It affects your strength (+3).
   rPois:     It protects you from poison.
   Regen:     It increases your rate of health regeneration.
   Stlth:     It makes you more stealthy.
 t - a ring of wizardry
 L - an amulet of magic regeneration
 N - a ring of wizardry
 S - a ring of fire (right hand)
 Y - a +4 ring of evasion
 Z - a +4 ring of evasion
Wands
 b - a wand of acid (12)
 e - a wand of iceblast (16)
 f - a wand of flame (16)
 r - a wand of digging (8)
 P - a wand of paralysis (8)
Scrolls
 c - 8 scrolls of teleportation
 n - a scroll of enchant armour
 p - 3 scrolls of blinking
 u - 4 scrolls of holy word
 w - 4 scrolls of enchant weapon
 z - a scroll of amnesia
 J - a scroll of fog
 M - 3 scrolls of identify
 O - a scroll of silence
 Q - a scroll of fear
Potions
 d - 4 potions of magic
 j - a potion of cancellation {unknown}
 l - 8 potions of brilliance
 B - 3 potions of haste {unknown}
 D - 12 potions of curing
 E - 3 potions of resistance {unknown}
 F - 6 potions of heal wounds {unknown}
 I - 3 potions of flight {unknown}
 K - 5 potions of lignification
 T - a potion of might
 W - 2 potions of invisibility {unknown}
 X - 6 potions of attraction {unknown}


   Skills:
 + Level 8.7 Fighting
 - Level 7.0 Armour
 - Level 4.1 Dodging
 - Level 3.3 Stealth
 * Level 24.1 Spellcasting
 + Level 14.8 Conjurations
 - Level 1.1 Summonings
 - Level 1.0 Necromancy
 - Level 1.1 Translocations
 + Level 14.3 Fire Magic
 - Level 1.0 Ice Magic
 - Level 1.4 Air Magic
 - Level 1.2 Earth Magic
 - Level 1.0 Poison Magic
 - Level 1.2 Evocations


You had 36 spell levels left.
You knew the following spells:

 Your Spells              Type           Power      Damage    Failure   Level
a - Magic Dart            Conj           100%       1d8       0%          1
b - Mephitic Cloud        Conj/Pois/Air  78%        N/A       1%          3
c - Call Imp              Summ           39%        N/A       2%          2
d - Blink                 Tloc           78%        N/A       2%          2
e - Conjure Flame         Conj/Fire      100%       6-21      0%          3
f - Foxfire               Conj/Fire      100%       2x1d9     0%          1
g - Fireball              Conj/Fire      65%        3d25      1%          5
h - Stone Arrow           Conj/Erth      100%       3d13      1%          3
i - Orb of Destruction    Conj           54%        9d14      1%          7

Your spell library contained the following spells:

 Spells                   Type           Power      Damage    Failure   Level
 Freezing Cloud           Conj/Ice/Air   39%        6-21      1%          5
 Sandblast                Erth           80%        2d17      1%          1
 Frozen Ramparts          Ice            78%        1d9       1%          3
 Iskenderun's Battlesphe  Conj           100%       2d15      1%          5
 Beastly Appendage        Tmut           66%        N/A       2%          1
 Slow                     Hex            100%       N/A       2%          1
 Ensorcelled Hibernation  Hex/Ice        72%        N/A       3%          2
 Passwall                 Tmut/Erth      30%        N/A       3%          2
 Wereblood                Tmut           33%        N/A       4%          2
 Conjure Ball Lightning   Conj/Air       43%        3x3d15    4%          6
 Ozocubu's Armour         Ice            39%        N/A       5%          3
 Vampiric Draining        Necr           39%        2d8       5%          3
 Spider Form              Tmut/Pois      36%        N/A       7%          3
 Confusing Touch          Hex            33%        N/A       9%          3
 Tukima's Dance           Hex            33%        N/A       9%          3
 Passage of Golubria      Tloc           39%        N/A       17%         4
 Yara's Violent Unravell  Hex/Tmut       16%        3d8       19%         5
 Petrify                  Tmut/Erth      37%        N/A       22%         4
 Summon Forest            Summ/Tloc      19%        N/A       43%         5
 Metabolic Englaciation   Hex/Ice        18%        N/A       52%         5
 Eringya's Noxious Bog    Tmut/Pois      18%        N/A       61%         6
 Statue Form              Tmut/Erth      24%        N/A       97%         6
 Summon Hydra             Summ           19%        N/A       100%        7


Dungeon Overview and Level Annotations

Branches:
Dungeon (15/15)            Temple (1/1) D:4            Lair (6/6) D:10
 Shoals (0/4) Lair:3       Spider (0/4) Lair:2        Slime (0/5) Lair:5
    Orc (2/2) D:11            Elf (0/3) Orc:2        Vaults (0/5) D:14
 Depths (0/4) D:15        Ossuary (visited)         Gauntlet (visited)

Altars:
Ashenzari
Cheibriados
Elyvilon
Fedhas
Hepliaklqana
Makhleb
Nemelex Xobeh
Okawaru
Qazlal
Ru
Sif Muna
Trog
Uskayaw
Vehumet
Wu Jian
Xom
Yredelemnul
The Shining One
Jiyva

Shops:
D:1 :   D:6 [   D:14 =   Orc:2 (([=

Annotations:
Lair:5 1 runed translucent door


Message History

Casting: Fireball (safe; 1% risk of failure)
Confirm with . or Enter, or press ? or * to list all spells.
Aiming: Fireball (safe; 1% risk of failure)
Press: ? - help, Shift-Dir - straight line, f/p - boulder beetle
Aim: a boulder beetle (severely wounded, rolling)
You feel a strong surge of power!
The fireball explodes!
The fireball engulfs the boulder beetle!!
The boulder beetle is almost dead.
The manticore bites you but does no damage.
The manticore claws you but does no damage. x2
Casting: Fireball (safe; 1% risk of failure)
Confirm with . or Enter, or press ? or * to list all spells.
Aiming: Stone Arrow (safe; 1% risk of failure)
Press: ? - help, Shift-Dir - straight line, f/p - boulder beetle
Aim: a boulder beetle (almost dead, rolling, 100% to hit)
You feel a surge of power!
The stone arrow hits the boulder beetle.
The boulder beetle is almost dead.
The boulder beetle hits you!!!
Ouch! That really hurt!
* * * LOW HITPOINT WARNING * * *
The boulder beetle stops rolling and uncurls.
The manticore closely misses you. x2
The manticore claws you but does no damage.
Casting: Stone Arrow (safe; 1% risk of failure)
Confirm with . or Enter, or press ? or * to list all spells.
Aiming: Stone Arrow (safe; 1% risk of failure)
Press: ? - help, Shift-Dir - straight line, f/p - boulder beetle
Aim: a boulder beetle (almost dead, 100% to hit)
Okay, then.
Unknown command.
Unknown command.
Casting: Stone Arrow (safe; 1% risk of failure)
Confirm with . or Enter, or press ? or * to list all spells.
You blink.
You carefully extract the barbed spikes from your body.
The manticore flicks its tail.
The volley of spikes hits you!
The barbed spikes become lodged in your body.
You die...

#...#.#'#..##.#
#(#.#..#.)#.#..
#.#...#+#.##..#
#......#......# ###
#+########.#.#.# #...
.##......##'#'## #..#
.#......##)#.#.#
..#.#.#......)#))...#
+#. #@.#......#[...#.#
#..B...#..#†##+#.#.#..
##.#H#.#....# ..#...#
##§#+##.#)#+###.....#
#.#.#.####)#.####.###
#......#......#######
##..##.#+#..##.##.....
#..#.#..#).#.#..#..##.
##.##..#'#.##..##.##..


You could see a boulder beetle and a manticore.

Vanquished Creatures
  Saint Roka (Orc:2)
  Rupert (D:12)
  Nessos (D:15)
  A minotaur (Gauntlet)
  A yaktaur captain (D:15)
  Snorg (D:13)
  5 vault guards (D:14)
  7 boulder beetles
  An ice dragon (Lair:6)
  11 hydras
  Erolcha (D:11)
  A hell beast (Gauntlet)
  Harold (D:11)
  2 ogre magi
  Erica (D:8)
  10 centaur warriors
  2 death knights
  An alligator (Lair:4)
  9 death yaks (Lair:5)
  3 two-headed ogres
  A deep troll earth mage (D:15)
  Urug (D:12)
  A tengu warrior (D:15)
  3 orc high priests (Orc:2)
  A deep elf knight (D:15)
  Nergalle (Lair:3)
  Sonja (Lair:2)
  Amaemon (Lair:2)
  A goliath frog (Lair:4)
  2 swamp dragons (Lair:4)
  A deep elf archer (D:14)
  7 orc knights
  A lindwurm (Lair:6)
  An orange crystal statue (Gauntlet)
  2 deep elf pyromancers
  3 wolf spiders
  5 orc sorcerers
  17 ugly things
  4 cyclopes
  3 manticores
  Maurice (D:11)
  12 elephants
  Joseph (Lair:1)
  12 black mambas
  A guardian serpent (Lair:6)
  10 centaur zombies (D:14)
  An orange demon (Lair:2)
  A gargoyle (D:8)
  Maggie (D:7)
  9 cane toads
  6 torpor snails
  3 rime drakes
  2 minotaur zombies (Gauntlet)
  An efreet (D:15)
  10 komodo dragons
  An unseen horror (D:10)
  3 kobold demonologists
  4 yaktaurs (D:15)
  2 freezing wraiths (D:15)
  6 tyrant leeches
  6 trolls
  2 polar bears
  Prince Ribbit (D:7)
  23 slime creatures
  9 hornets (Lair:6)
  15 blink frogs
  5 meliai zombies (D:14)
  2 dream sheep (Lair:4)
  The ghost of Hubjo the Magician, an amateur DEFE of Ashenzari (D:4)
  A vampire (D:12)
  A water elemental (D:14)
  38 yaks
  2 wraiths
  9 wyverns
  3 basilisks
  A steam dragon (D:6)
  4 redbacks (Lair:6)
  5 vampire mosquitoes
  4 wargs
  3 acid dragons
  21 water moccasins
  A water moccasin (shapeshifter) (D:13)
  6 swamp worms
  A black bear (Lair:1)
  30 orc warriors
  A sky beast (D:7)
  An ice beast (D:7)
  6 ogres
  9 wolves
  A boggart (D:15)
  A phantom (D:7)
  13 centaurs
  5 kobold brigands
  12 bullfrogs
  A scorpion (D:5)
  A necrophage (D:4)
  2 gnoll sergeants
  9 wights
  5 killer bees (D:11)
  2 electric eels (Lair:3)
  6 howler monkeys
  2 lava snakes (D:11)
  A crimson imp (D:8)
  2 human zombies (Ossuary)
  20 orc priests
  A gnoll shaman (D:6)
  Crazy Yiuf (D:3)
  A hound (D:5)
  3 jellies
  39 orc wizards
  4 hell rats (Lair:4)
  6 mummies (Ossuary)
  18 gnolls
  4 adders
  5 shadow imps
  3 white imps
  2 dart slugs (D:2)
  92 orcs
  8 ball pythons
  3 bats
  An endoplasm (D:3)
  4 giant cockroaches
  A gnoll zombie (Ossuary)
  13 goblins
  8 hobgoblins
  5 quokkas
  3 frilled lizards (D:3)
  2 goblin zombies (Ossuary)
  13 kobolds
  A kobold zombie (Ossuary)
  2 orc zombies (Ossuary)
  6 rats
748 creatures vanquished.

Vanquished Creatures (collateral kills)
  A killer bee (D:11)
  An orc priest (D:11)
  Robin (D:2)
  3 orcs
  A goblin (D:11)
  4 foxfires
11 creatures vanquished.

Vanquished Creatures (others)
  An orc (D:4)
  507 foxfires
  37 fungi
  112 plants
  18 withered plants (Gauntlet)
675 creatures vanquished.

Grand Total: 1434 creatures vanquished

Notes
Turn   | Place    | Note
-------+----------+-------------------------------------------
     0 | D:1      | pokeman the Deep Elf Hedge Wizard began the quest for the
                  | Orb.
     0 | D:1      | Reached XP level 1. HP: 10/10 MP: 7/7
   179 | D:1      | Found Viagom's Book Shop.
   896 | D:2      | Reached XP level 2. HP: 16/16 MP: 6/9
   930 | D:2      | Found a faded altar of an unknown god.
  1147 | D:2      | Reached skill level 5 in Spellcasting
  1420 | D:2      | Reached XP level 3. HP: 20/20 MP: 6/11
  2011 | D:2      | Learned a level 3 spell: Mephitic Cloud
  2014 | D:2      | Learned a level 2 spell: Blink
  2017 | D:2      | Learned a level 2 spell: Call Imp
  2021 | D:2      | Learned a level 3 spell: Conjure Flame
  2103 | D:2      | Noticed Robin
  2153 | D:2      | Reached skill level 1 in Fighting
  2324 | D:2      | Killed Robin
  2325 | D:2      | Reached skill level 1 in Armour
  2866 | D:3      | Found a transporter.
  2880 | D:3      | Reached XP level 4. HP: 25/25 MP: 10/13
  3025 | D:3      | Found a stormy altar of Qazlal.
  3286 | D:3      | Learned a level 3 spell: Stone Arrow
  3306 | D:3      | Reached skill level 6 in Spellcasting
  3311 | D:3      | Reached XP level 5. HP: 29/29 MP: 15/15
  3453 | D:3      | Found a transporter.
  3461 | D:3      | Identified the amulet "Obaowot" {rPois Regen+ Str+3 Stlth+}
  3652 | D:3      | Found a runed translucent door.
  3653 | D:3      | Noticed Crazy Yiuf
  3800 | D:3      | Killed Crazy Yiuf
  3943 | D:3      | Reached skill level 1 in Fire Magic
  4144 | D:4      | Got Owidej's Compendium of Cold
  4172 | D:4      | Found a radiant altar of Vehumet.
  4181 | D:4      | Became a worshipper of Vehumet
  4189 | D:4      | Found an iron altar of Okawaru.
  4190 | D:4      | Found a glowing golden altar of the Shining One.
  4210 | D:4      | You fall into a shaft and drop 1 floor!
  4210 | D:5      | Entered Level 5 of the Dungeon
  4261 | D:5      | Reached XP level 6. HP: 11/34 MP: 11/17
  4276 | D:5      | Reached skill level 7 in Spellcasting
  4350 | D:4      | Found a staircase to the Ecumenical Temple.
  4424 | D:4      | Found a sand-covered staircase.
  4430 | Ossuary  | Entered an ossuary
  4675 | Ossuary  | Reached skill level 1 in Ice Magic
  4812 | Ossuary  | Reached * piety under Vehumet
  4812 | Ossuary  | Offered knowledge of Foxfire by Vehumet.
  4815 | Ossuary  | Learned a level 1 spell: Foxfire
  4846 | Ossuary  | Reached XP level 7. HP: 36/38 MP: 20/20
  5139 | D:4      | Found a large runed translucent door.
  5139 | D:4      | Found a large runed translucent door.
  5346 | D:4      | Noticed Hubjo's ghost (amateur DEFE)
  5372 | D:4      | Killed Hubjo's ghost
  5373 | D:4      | Reached skill level 8 in Spellcasting
  5373 | D:4      | Reached skill level 1 in Air Magic
  5620 | D:5      | Reached skill level 1 in Earth Magic
  5620 | D:5      | Reached skill level 1 in Evocations
  5794 | D:5      | Reached XP level 8. HP: 42/43 MP: 20/22
  5920 | D:5      | Reached skill level 9 in Spellcasting
  5967 | D:5      | Found a hazy altar of Hepliaklqana.
  6028 | D:5      | Reached skill level 1 in Necromancy
  6029 | D:5      | Reached skill level 1 in Poison Magic
  6946 | D:6      | Reached ** piety under Vehumet
  6948 | D:6      | Reached skill level 5 in Conjurations
  7016 | D:6      | Offered knowledge of Static Discharge by Vehumet.
  7017 | D:6      | Reached skill level 10 in Spellcasting
  7019 | D:6      | Reached XP level 9. HP: 48/48 MP: 25/25
  7064 | D:6      | Found a white marble altar of Elyvilon.
  7093 | D:6      | Found Nutonyfe's Antique Armour Shoppe.
  7426 | D:6      | Reached skill level 11 in Spellcasting
  7887 | D:7      | Reached skill level 5 in Fire Magic
  7956 | D:7      | Reached skill level 12 in Spellcasting
  7991 | D:7      | Found a basalt altar of Yredelemnul.
  8481 | D:8      | Noticed Erica
  8540 | D:8      | Noticed Maggie
  8561 | D:7      | Killed Maggie
  8562 | D:7      | Reached XP level 10. HP: 26/55 MP: 24/28
  8621 | D:8      | Noticed Prince Ribbit
  8622 | D:8      | Noticed a gargoyle
  8637 | D:7      | Killed Prince Ribbit
  8637 | D:7      | Offered knowledge of Scorch by Vehumet.
  8761 | D:8      | Killed Erica
  8762 | D:8      | Reached skill level 13 in Spellcasting
  8816 | D:8      | Found a broken altar of Ashenzari.
  8984 | D:8      | Reached *** piety under Vehumet
  9045 | D:8      | Killed a gargoyle
  9437 | D:9      | Found a shimmering blue altar of Sif Muna.
  9473 | D:9      | Found a snail-covered altar of Cheibriados.
  9520 | D:9      | Learned a level 5 spell: Fireball
  9528 | D:9      | Learned a level 7 spell: Orb of Destruction
  9650 | D:9      | Offered knowledge of Hailstorm by Vehumet.
  9984 | D:9      | Reached skill level 14 in Spellcasting
 10060 | D:9      | Found a sacrificial altar of Ru.
 10061 | D:9      | Found a burning altar of Makhleb.
 10602 | D:10     | Entered Level 10 of the Dungeon
 11012 | D:10     | Reached **** piety under Vehumet
 11051 | D:10     | Found a staircase to the Lair.
 11256 | D:10     | Reached XP level 11. HP: 58/58 MP: 31/31
 11562 | Temple   | Entered the Ecumenical Temple
 11740 | Lair:1   | Entered Level 1 of the Lair of Beasts
 11781 | Lair:1   | Noticed Joseph
 11784 | Lair:1   | Killed Joseph
 11940 | Lair:1   | Offered knowledge of Flame Wave by Vehumet.
 11962 | Lair:1   | Reached skill level 15 in Spellcasting
 13154 | Lair:2   | Found a hole to the Spider Nest.
 13213 | Lair:2   | Noticed Amaemon
 13222 | Lair:2   | Killed Amaemon
 13223 | Lair:2   | Reached skill level 16 in Spellcasting
 13520 | Lair:2   | Noticed Sonja
 13522 | Lair:2   | Killed Sonja
 13735 | Lair:3   | Reached skill level 5 in Armour
 13912 | Lair:3   | Reached XP level 12. HP: 66/66 MP: 34/34
 13936 | Lair:3   | Noticed Nergalle
 13942 | Lair:3   | Killed Nergalle
 14052 | Lair:3   | Identified the +7 bardiche of the Warrior-Mage {venom,
                  | Will- Int+8}
 14273 | Lair:3   | Reached ***** piety under Vehumet
 14337 | Lair:3   | Found a staircase to the Shoals.
 14963 | Lair:4   | Offered knowledge of Lee's Rapid Deconstruction by Vehumet.
 14964 | Lair:4   | Reached skill level 10 in Conjurations
 14992 | Lair:4   | Reached skill level 17 in Spellcasting
 15069 | Lair:4   | Noticed an alligator
 15073 | Lair:4   | Killed an alligator
 15505 | Lair:4   | Identified a scroll of acquirement
 15881 | Lair:4   | Identified the +9 scimitar "Ijaqe" {vorpal, rPois rN+}
 16374 | Lair:5   | Noticed a death yak
 16374 | Lair:5   | Noticed a death yak
 16374 | Lair:5   | Noticed a death yak
 16374 | Lair:5   | Noticed a death yak
 16388 | Lair:5   | Reached skill level 18 in Spellcasting
 16391 | Lair:5   | Killed a death yak
 16392 | Lair:5   | Reached skill level 10 in Fire Magic
 16583 | Lair:5   | Noticed a boulder beetle
 16590 | Lair:5   | Killed a boulder beetle
 16738 | Lair:5   | Reached XP level 13. HP: 70/70 MP: 29/37
 16809 | Lair:5   | Found a runed translucent door.
 16809 | Lair:5   | Found a viscous altar of Jiyva.
 16810 | Lair:5   | Found a staircase to the Slime Pits.
 16810 | Lair:5   | Noticed an acid blob
 16811 | Lair:5   | Noticed an acid blob
 17310 | Lair:5   | Reached skill level 19 in Spellcasting
 17386 | Lair:5   | Identified the +0 long sword of Fuuviud {freeze, Contam Fly
                  | rF+ rN+}
 17560 | Lair:6   | Entered Level 6 of the Lair of Beasts
 18116 | Lair:6   | Offered knowledge of Fulminant Prism by Vehumet.
 18127 | Lair:6   | Reached skill level 5 in Fighting
 18390 | Lair:6   | Found a shimmering altar of Xom.
 18395 | Lair:6   | Reached skill level 20 in Spellcasting
 18410 | Lair:6   | Identified the +0 cloak of Death Resistance {rElec rPois
                  | Regen+ Stlth+}
 18582 | Lair:6   | Found a runed translucent door.
 18631 | Lair:6   | Reached XP level 14. HP: 77/78 MP: 18/40
 19552 | Lair:6   | Found the +7 sceptre of Torment {pain, torment}
 20652 | Temple   | Acquired 331 gold pieces
 21055 | D:11     | Offered knowledge of Ozocubu's Refrigeration by Vehumet.
 21158 | D:11     | Noticed Maurice
 21167 | D:11     | Killed Maurice
 21754 | D:11     | Noticed Erolcha
 21756 | D:11     | Killed Erolcha
 21757 | D:11     | Reached skill level 21 in Spellcasting
 21834 | D:11     | Found a staircase to the Orcish Mines.
 22347 | D:11     | Noticed Harold
 22351 | D:11     | Killed Harold
 22447 | Orc:1    | Entered Level 1 of the Orcish Mines
 22943 | Orc:2    | Entered Level 2 of the Orcish Mines
 23244 | Orc:2    | Noticed Saint Roka
 23255 | Orc:2    | Killed Saint Roka
 23522 | Orc:2    | Found a staircase to the Elven Halls.
 23560 | Orc:2    | Found a bloodstained altar of Trog.
 24025 | Orc:2    | Found Awut's Weapon Boutique.
 24025 | Orc:2    | Found Plog's Antique Weapon Boutique.
 24026 | Orc:2    | Found Cojep's Jewellery Shoppe.
 24026 | Orc:2    | Found Feedgh's Antique Armour Shoppe.
 24620 | D:12     | Noticed Rupert
 24682 | D:12     | Found a gate leading to a gauntlet.
 24683 | D:12     | Noticed Urug
 24690 | Gauntlet | Entered a Gauntlet
 24690 | Gauntlet | Found a transporter.
 24690 | Gauntlet | Found a transporter.
 24690 | Gauntlet | Found a transporter.
 24699 | Gauntlet | Found a transporter.
 24709 | Gauntlet | Found a transporter.
 24724 | Gauntlet | Found a transporter.
 24734 | Gauntlet | Found a transporter.
 24749 | Gauntlet | Found a transporter.
 24755 | Gauntlet | Found a transporter.
 24769 | Gauntlet | Found a transporter.
 24775 | Gauntlet | Found a transporter.
 24803 | Gauntlet | Found a transporter.
 24953 | Gauntlet | Identified the amulet of Weidyb {RegenMP rElec rPois Dex+2}
 25008 | Gauntlet | Reached XP level 15. HP: 85/85 MP: 40/42
 25030 | Gauntlet | Identified the +11 spear of Foul Odours {drain, Str+4}
 25134 | D:12     | Killed Urug
 25134 | D:12     | Offered knowledge of Lightning Bolt by Vehumet.
 25157 | D:12     | Reached skill level 22 in Spellcasting
 25769 | D:12     | Killed Rupert
 25949 | D:13     | Found a sparkling altar of Nemelex Xobeh.
 26304 | D:13     | Noticed Snorg
 26307 | D:13     | Killed Snorg
 26920 | D:14     | Found a blossoming altar of Fedhas.
 27234 | D:14     | Found a basalt altar of Yredelemnul.
 27240 | D:14     | Reached skill level 23 in Spellcasting
 27402 | D:14     | Found Qedy's Jewellery Shop.
 27593 | D:14     | Found a gate to the Vaults.
 27695 | D:15     | Entered Level 15 of the Dungeon
 27794 | D:15     | Offered knowledge of Freezing Cloud by Vehumet.
 27990 | D:15     | Reached XP level 16. HP: 93/93 MP: 39/45
 28278 | D:15     | Noticed Nessos
 28281 | D:15     | Killed Nessos
 28313 | D:15     | Found a staircase to the Depths.
 28393 | D:15     | Found a glowing golden altar of the Shining One.
 28393 | D:15     | Found a snail-covered altar of Cheibriados.
 28394 | D:15     | Found a shimmering blue altar of Sif Muna.
 28686 | D:15     | Reached skill level 24 in Spellcasting
 28801 | D:15     | Killed from afar by a manticore

Illustrated notes

Levels and vault maps discovered:
D:1:      minmay_arrival_hallway, layout_basic, serial_shops,
          nicolae_shop_window_shopping
D:2:      layout_basic, chequers_ecumenical_altar_island, uniq_robin
D:3:      gammafunk_wand_slinger, layout_basic, nicolae_overflow_crystal_walls,
          uniq_crazy_yiuf_cottage
D:4:      layout_rooms, mainiacjoe_overflow_alcove_1,
          mainiacjoe_overflow_small_starburst, nicolae_vehumet_altar_sigil,
          minmay_temple_entry_proselytizer, enter_ossuary_1,
          ebering_ghost_disaster_area
D:5:      layout_cave_pods, nzn_hepliaklqana_mist_gate
D:6:      layout_loops_ring, elyvilon_altar_3, serial_co_window_serial,
          co_window_paths_a, co_window_corner_a, co_window_corner_a,
          co_window_of_opportunity_a, co_window_of_opportunity_a,
          co_window_paths_c, co_window_unsneaky_path_d, co_window_broadway_b,
          co_window_2corner, co_window_2corner, glass_columns_a,
          glass_columns_b, glass_columns_c, glass_columns_b, glass_columns_b,
          serial_shops, shop, roderic_malta_cross
D:7:      layout_basic, mainiacjoe_overflow_concentric_impassable
D:8:      layout_cave_pools, lemuel_round_altar, minmay_fire_ice_demons,
          uniq_maggie, uniq_prince_ribbit1, uniq_erica
D:9:      layout_gridville, mainiacjoe_overflow_cross_hatched,
          mainiacjoe_overflow_six_doors_small, mainiacjoe_overflow_divided_tiny,
          serial_co_window_serial, co_window_paths_b, co_window_corner_a,
          co_window_corner_a, co_window_corner_a, co_window_paths_a,
          co_window_broadway_c, co_window_unsneaky_path_b, co_window_paths_c,
          co_window_4corner_b
D:10:     layout_roguey
D:11:     layout_loops_ring, erik_orc_3, minmay_misc_feat_ornament,
          kennysheep_opposing_triangles, uniq_maurice, uniq_harold, uniq_erolcha
D:12:     layout_loops_cross, gauntlet_entry_generic, uniq_urug, uniq_rupert
D:13:     layout_loops_ring, nemelex_spade_bored_becter, uniq_snorg
D:14:     layout_basic, grunt_vaults_entry_fortified, fedhas_altar_fruit_tree,
          serial_shops, nicolae_shop_hallway_plus,
          nicolae_yredelemnul_corpse_copse
D:15:     hangedman_slaughterboxes, uniq_nessos
Temple:   dpeg_chambers_temple
Lair:1:   layout_gridlike, chequers_serial_rivers_small_b,
          chequers_serial_rivers_micro_e, uniq_joseph
Lair:2:   layout_loops_ring, dummy_spider_entry, grunt_megastairs_2,
          uniq_amaemon, uniq_sonja
Lair:3:   layout_regular_city, minmay_shoals_entry_centaurs, worms_lemuel,
          grunt_megastairs_4, infiniplex_staircase_pool, serial_bayou_shore_a,
          uniq_nergalle
Lair:4:   onia_ninara_swampy_vault, layout_big_grid
Lair:5:   layout_cave_shapes, slime_altar_2, serial_bayou_pond_c,
          beast_lair_carwin_5
Lair:6:   hangedman_lair_tendril_chambers, layout_hall_layers, wormcave,
          basic_altar
Orc:1:    layout_caves
Orc:2:    st_orc_elflike, layout_diamond_mine, basic_altar, uniq_saint_roka

Skill      XL: |  1  2  3  4  5  6  7  8  9 10 11 12 13 14 15 16 |
---------------+-------------------------------------------------+-----
Spellcasting   | 5 6 7 8 10 12 14 16 18 20 21 23 24 | 24.1
Fighting       | 1 2 4 5 6 8 |  8.7
Armour         | 1 3 5 6 7 |  7.0
Conjurations   | 2 3 4 5 7 8 9 11 12 13 14 | 14.8
Dodging        | 3 4 |  4.1
Fire Magic     | 1 2 3 5 7 8 10 11 12 13 14 | 14.3
Ice Magic      | 1 |  1.0
Stealth        | 3 |  3.3
Air Magic      | 1 |  1.4
Earth Magic    | 1 |  1.2
Evocations     | 1 |  1.2
Necromancy     | 1 |  1.0
Poison Magic   | 1 |  1.0
Summonings     | |  1.1
Translocations | |  1.1

Action                   |  1- 3 |  4- 6 |  7- 9 | 10-12 | 13-15 | 16-18 || total
-------------------------+-------+-------+-------+-------+-------+-------++-------
Melee: Dagger            |       |    46 |    60 |    22 |       |       ||   128
       Punch             |       |       |     1 |       |       |       ||     1
       Mace              |       |       |       |    29 |       |       ||    29
       Bardiche          |       |       |       |     4 |       |       ||     4
       Staff             |       |       |       |       |     6 |       ||     6
 Cast: Magic Dart        |   122 |   114 |     3 |     1 |     1 |       ||   241
       Call Imp          |     5 |     2 |       |       |     2 |       ||     9
       Mephitic Cloud    |     1 |    13 |     9 |    10 |     2 |     3 ||    38
       Blink             |     1 |     4 |     2 |     4 |     5 |     2 ||    18
       Foxfire           |       |     7 |   178 |    77 |    27 |       ||   289
       Conjure Flame     |       |     2 |    10 |     6 |    12 |       ||    30
       Stone Arrow       |       |       |    12 |     8 |    12 |     2 ||    34
       Fireball          |       |       |       |   157 |   422 |    71 ||   650
       Orb of Destructio |       |       |       |     4 |    17 |       ||    21
Evoke: Wand              |       |       |       |       |     1 |       ||     1
  Use: Scroll            |       |       |       |    16 |     9 |       ||    25
 Stab: Confused          |       |     3 |     3 |     2 |       |       ||     8
       Sleeping          |       |       |     3 |     1 |       |       ||     4
Armor: Robe              |     6 |       |       |       |       |       ||     6
       Leather armour    |       |    32 |     8 |       |       |       ||    40
       Steam dragon scal |       |       |    11 |    30 |       |       ||    41
       Swamp dragon scal |       |       |       |     7 |    43 |    17 ||    67
Dodge: Dodged            |    22 |    58 |    41 |    71 |    40 |    19 ||   251

Table legend: (Time is in decaauts)
 A = Elapsed time spent in this place.
 B = Non-inter-level travel time spent in this place.
 C = Inter-level travel time spent in this place.
 D = Time resting spent in this place.
 E = Time spent auto-exploring this place.
 F = Levels seen in this place.
 G = Mean time per level.
                   A        B        C        D        E       F      G
               +--------+--------+--------+--------+--------+-----+--------+
         Total |  28917 |  27213 |   1704 |   2583 |  19883 |  26 | 1112.2 |
       Dungeon |  16961 |  15847 |   1114 |    860 |  12186 |  15 | 1130.7 |
        Temple |     96 |     91 |      5 |      0 |      0 |   1 |   96.0 |
          Lair |   8857 |   8362 |    495 |   1496 |   5601 |   6 | 1476.2 |
  Orcish Mines |   2023 |   1934 |     89 |    173 |   1476 |   2 | 1011.5 |
       Ossuary |    538 |    538 |      0 |      0 |    400 |   1 |  538.0 |
      Gauntlet |    439 |    439 |      0 |     54 |    219 |   1 |  439.0 |
               +--------+--------+--------+--------+--------+-----+--------+

Top non-repeatable levels by time:
  Lair:6: 2303 daAuts
  Lair:5: 1929 daAuts
    D:11: 1744 daAuts
     D:2: 1714 daAuts
     D:3: 1444 daAuts
   Orc:2: 1413 daAuts
  Lair:3: 1340 daAuts
  Lair:4: 1336 daAuts
     D:9: 1218 daAuts
     D:6: 1217 daAuts
     D:7: 1182 daAuts
     D:5: 1172 daAuts
    D:15: 1109 daAuts
  Lair:1: 1015 daAuts
     D:1: 964 daAuts
